 Dungeon Crawl Stone Soup version 0.27.1 (webtiles) character file.

Game seed: 6184770391950309492

16 Descartes the Stinger (level 2, 0/15 HPs)
             Began as a Deep Elf Venom Mage on Sept 4, 2021.
             Slain by a ball python (2 damage)
             ... on level 1 of the Dungeon.
             The game lasted 00:01:58 (709 turns).

Descartes the Stinger (Deep Elf Venom Mage)          Turns: 709, Time: 00:01:58

Health: 0/15       AC:  3    Str:  5    XL:     2   Next: 37%
Magic:  2/8        EV: 11    Int: 19    God:
Gold:   49         SH:  0    Dex: 15    Spells: 6/7 levels left

rFire    . . .     SeeInvis .   d - +0 mace
rCold    . . .     Faith    .   (no shield)
rNeg     . . .     Spirit   .   b - +0 leather armour
rPois    .         Reflect  .   (no helmet)
rElec    .         Harm     .   (no cloak)
rCorr    .         Rampage  .   (no gloves)
Will     .....                  (no boots)
Stlth    ++........             (no amulet)
HPRegen  0.05/turn              (no ring)
MPRegen  0.11/turn              (no ring)

@: very slightly contaminated
A: no striking features
a: no special abilities


You were on level 1 of the Dungeon.
You visited 1 branch of the dungeon, and saw 1 of its levels.

You collected 49 gold pieces.

Inventory:

Hand Weapons
 d - a +0 mace (weapon)
Missiles
 a - 12 arrows
Armour
 b - a +0 leather armour (worn)
Scrolls
 e - a scroll of identify {unknown}
Potions
 c - a potion of curing {unknown}


   Skills:
 - Level 2.4 Dodging
 + Level 3.3 Stealth
 - Level 3.0 Spellcasting
 - Level 1.1 Transmutations
 + Level 3.7 Poison Magic


You had 6 spell levels left.
You knew the following spells:

 Your Spells              Type           Power      Damage    Failure   Level
a - Sting                 Tmut/Pois      48%        1d5       10%         1

Your spell library contained the following spells:

 Spells                   Type           Power      Damage    Failure   Level
 Poisonous Vapours        Pois/Air       20%        N/A       19%         2
 Mephitic Cloud           Conj/Pois/Air  7%         N/A       41%         3
 Olgreb's Toxic Radiance  Pois           17%        N/A       47%         4


Dungeon Overview and Level Annotations

Branches:
Dungeon (1/15)

Altars:

Shops:
D:1 (


Message History

Aim: an endoplasm (heavily wounded, poisoned, 98% to hit)
The sting hits the endoplasm.
The endoplasm partially resists.
The endoplasm is severely wounded.
The endoplasm closely misses you.
Casting: Sting (safe; 10% risk of failure)
Confirm with . or Enter, or press ? or * to list all spells.
Aiming: Sting (safe; 10% risk of failure)
Press: ? - help, Shift-Dir - straight line, f/p - endoplasm
Aim: an endoplasm (severely wounded, poisoned, 98% to hit)
The sting hits the endoplasm.
The endoplasm looks even sicker.
The endoplasm is almost dead.
The endoplasm freezes you.
You are frozen.
You kill the endoplasm!
The goblin hits you with a +0 club. The ball python bites you.
* * * LOW HITPOINT WARNING * * *
The ball python grabs you. The ball python constricts you.
You escape the ball python's grasp.
Casting: Sting (safe; 10% risk of failure)
Confirm with . or Enter, or press ? or * to list all spells.
Aiming: Sting (safe; 10% risk of failure)
Press: ? - help, Shift-Dir - straight line, f - goblin
Aim: a goblin, wielding a +0 club (64% to hit)
The sting hits the goblin.
The goblin is poisoned.
The goblin is almost dead.
You kill the goblin!
The ball python barely misses you. The ball python closely misses you.
Casting: Sting (safe; 10% risk of failure)
Confirm with . or Enter, or press ? or * to list all spells.
Aiming: Sting (safe; 10% risk of failure)
Press: ? - help, Shift-Dir - straight line, f - ball python
Aim: a ball python (68% to hit)
You miscast Sting.
You are very lightly contaminated with residual magic.
Nothing appears to happen.
The ball python bites you.
* * * LOW HITPOINT WARNING * * *
The ball python misses you. The ball python bites you.
You die...

#........## ##########....#
#####.........###.......##[...###
.............∩..'.......'.....'..
#............####.......##....##.
#.##.........####.########....##.
........#.....................##.
#.##....#.........##..........##.
#.##...##.........##..........##.
#.##.......##...@........##......
#.##.......##..S.........##......
#................................
#####............................
...##...##........>.[.......##...
...##..†##.........<........##...
#####............................
#.....................†......
#####...)..##............##......


You could see a ball python.

Vanquished Creatures
  A dart slug (D:1)
  2 endoplasms (D:1)
  A giant cockroach (D:1)
  A goblin (D:1)
  A hobgoblin (D:1)
  A quokka (D:1)
  4 ball pythons (D:1)
  A bat (D:1)
  A frilled lizard (D:1)
13 creatures vanquished.

Notes
Turn   | Place    | Note
-------+----------+-------------------------------------------
     0 | D:1      | Descartes the Deep Elf Venom Mage began the quest for the
                  | Orb.
     0 | D:1      | Reached XP level 1. HP: 10/10 MP: 6/6
   152 | D:1      | Found Ulocveuf's Weapon Shop.
   529 | D:1      | Reached XP level 2. HP: 15/15 MP: 6/8
   709 | D:1      | Slain by a ball python

Illustrated notes

Levels and vault maps discovered:
D:1:      dpeg_arrival_stonehenge_8_columns, layout_basic,
          dilly_ecumenical_altar_fadedgnrine, serial_shops, shop,
          chequers_serial_rivers_micro_b

Skill      XL: |  1 |
---------------+----+-----
Stealth        | 3 |  3.3
Dodging        | |  2.4
Spellcasting   | |  3.0
Transmutations | |  1.1
Poison Magic   | |  3.7

Action                   || total
-------------------------++-------
Melee: Mace              ||     1
 Cast: Sting             ||    25
Armor: Leather armour    ||     1
Dodge: Dodged            ||     6
